New Jersey Devils vs Carolina Hurricanes

Created - jeudi 4 avril 2019 at 19:00

Goals
1 2 3 T
New Jersey Devils 2 3 1 6
Carolina Hurricanes 0 0 1 1
Shots
1 2 3 T
New Jersey Devils 9 14 11 34
Carolina Hurricanes 7 9 14 30

1st period

1. New Jersey Devils , Rick Nash 18 (Blake Coleman 24, Brian Boyle 14) at 0:10
2. New Jersey Devils , Erik Haula 24 (Marcus Johansson 13, Ryan Pulock 15) at 8:45

Penalties :
Brian Boyle (NJD) for Tripping (Minor) at 2:19, Marcus Johansson (NJD) for Holding (Minor) at 5:13, Michael Grabner (CAR) for Tripping (Minor) at 9:54, Sam Bennett (NJD) for Interference (Minor) at 12:44, Rick Nash (NJD) for Slashing (Minor) at 18:41

2nd period

3. New Jersey Devils , Brian Boyle 8 (Rick Nash 36) at 1:32
4. New Jersey Devils , Erik Haula 25 (Nico Hischier 25, Benoit Pouliot 11) at 2:07
5. New Jersey Devils , Miles Wood 14 (Samuel Girard 11, Jesper Bratt 28) at 3:02

Penalties :
No Penalty

3rd period

6. Carolina Hurricanes , Nick Bonino 9 (Andrew Cogliano 18, Michael Grabner 11) at 3:41
7. New Jersey Devils , Rick Nash 19 (Andrej Sekera 4, Damon Severson 10) at 15:03

Penalties :
Miles Wood (NJD) for High sticking (Minor) at 1:08, Ryan Suter (CAR) for Hooking (Minor) at 16:12

Goalie Stats

Keith Kinkaid (NJD), 29 saves from 30 shots - (0.967), W, 15-12-1, 60:00 minutes
Cam Ward (CAR), 9 saves from 13 shots - (0.692), L, 15-10-3, 22:07 minutes
Frederik Andersen (CAR), 19 saves from 21 shots - (0.905), 37:53 minutes

Players Stats for New Jersey Devils

Player Name              G  A  P  +/- PIM S  H  SB GA TA FO     MP     PP MP  PK MP  
------------------------------------------------------------------------------------
Andrej Sekera            0  1  1   3  0   0  0  0  0  0  0/0    17:44   0:41   0:33 
Anton Slepyshev          0  0  0   1  0   0  1  0  0  0  0/0    15:12   0:11   2:11 
Ben Lovejoy              0  0  0   0  0   0  0  0  0  0  0/0     0:20   0:00   0:00 
Benoit Pouliot           0  1  1   1  0   1  2  0  0  1  3/12   16:31   1:20   5:13 
Blake Coleman            0  1  1   2  0   1  2  1  0  1  0/1    13:49   2:27   0:00 
Brian Boyle              1  1  2   2  2   2  2  1  0  0  7/11   17:25   2:27   2:57 
Damon Severson           0  1  1   0  0   1  2  2  1  2  0/0    20:01   1:14   3:48 
Erik Haula               2  0  2   2  0   7  0  2  1  1  10/16  21:52   1:23   1:45 
Jesper Bratt             0  1  1   1  0   3  3  0  1  0  0/0    13:01   0:11   0:00 
John Moore               0  0  0   0  0   0  1  2  0  0  0/0    20:25   0:00   6:07 
Marcus Johansson         0  1  1   2  2   1  0  0  0  1  1/1    14:17   0:00   0:00 
Miles Wood               1  0  1   1  2   2  5  1  1  0  2/8    12:36   0:00   0:00 
Nico Hischier            0  1  1   1  0   0  2  1  1  0  9/13   16:32   1:20   5:17 
Rick Nash                2  1  3   2  2   9  0  1  1  0  1/5    17:17   2:30   2:27 
Ryan Pulock              0  1  1   2  0   1  1  1  1  0  0/0    23:44   2:44   5:50 
Sam Bennett              0  0  0   0  2   3  1  0  0  0  2/2    11:14   0:05   0:00 
Samuel Girard            0  1  1   3  0   2  0  2  0  1  0/0    21:18   3:17   3:32 
Trevor van Riemsdyk      0  0  0   2  0   1  0  0  0  1  0/0    16:42   0:00   0:00 

Players Stats for Carolina Hurricanes

Player Name              G  A  P  +/- PIM S  H  SB GA TA FO     MP     PP MP  PK MP  
------------------------------------------------------------------------------------
Andrew Cogliano          0  1  1   0  0   1  1  0  0  0  0/0     9:21   0:07   0:50 
Brett Pesce              0  0  0   1  0   1  1  2  0  1  0/0    12:17   0:00   0:55 
Casey Cizikas            0  0  0   0  0   0  3  0  0  0  3/4    10:31   0:00   2:00 
Dan Hamhuis              0  0  0  -3  0   2  0  2  0  0  0/0    23:19   4:50   1:17 
Elias Lindholm           0  0  0  -2  0   1  2  0  0  0  1/2    18:17   4:48   0:00 
Eric Staal               0  0  0  -2  0   2  2  2  1  0  13/26  18:27   5:00   0:00 
Erik Johnson             0  0  0  -3  0   0  1  2  0  0  0/0    15:42   0:00   1:04 
Evgenii Dadonov          0  0  0  -3  0   6  1  0  1  0  0/1    18:51   5:00   0:00 
Jaccob Slavin            0  0  0   1  0   0  0  1  0  2  0/0    15:55   0:00   2:12 
Jeff Skinner             0  0  0   0  0   1  1  0  1  0  1/1    15:14   4:45   0:00 
Jordan Staal             0  0  0  -3  0   2  2  0  1  1  12/25  18:45   4:48   0:00 
Justin Faulk             0  0  0  -3  0   1  3  1  2  0  0/0    24:02   4:50   0:42 
Michael Grabner          0  1  1   0  2   1  1  1  0  0  0/0     9:22   0:10   0:53 
Nick Bonino              1  0  1   0  0   4  2  0  0  0  4/7    12:22   0:00   1:48 
Paul Byron               0  0  0   0  0   0  3  0  0  0  0/1    12:39   0:07   1:51 
Ryan Suter               0  0  0  -3  2   2  1  0  0  2  0/0    22:04   5:05   1:04 
Sebastian Aho            0  0  0  -3  0   1  2  0  0  1  0/2    18:52   5:05   0:00 
Taylor Hall              0  0  0  -2  0   5  4  0  2  0  0/0    20:00   5:00   1:16 

3 Stars

1 - Rick Nash (NJD)
2 - Erik Haula (NJD)
3 - Keith Kinkaid (NJD)

Power Play

New Jersey Devils - 0 on 2 Attempt(s) - 0.00%
Carolina Hurricanes - 0 on 5 Attempt(s) - 0.00%

Penalty Kill

New Jersey Devils - 5 on 5 Attempt(s) - 100.00% - Score 0 goal in Penalty Kill
Carolina Hurricanes - 2 on 2 Attempt(s) - 100.00% - Score 0 goal in Penalty Kill

Team Stat

New Jersey Devils - Hits : 22 - Faceoff Wins : 35 - Blocked Shots : 14 - Penalty Minutes : 10
Carolina Hurricanes - Hits : 30 - Faceoff Wins : 34 - Blocked Shots : 11 - Penalty Minutes : 4

Official

Referees : Kyle Rehman and Tom Chmielewski
Linesman : Scott Cherrey and Greg Devorski

Game Notes

Frederik Andersen enters game at 2:07 of 2nd period
Brett Pesce is injured at 10:26 of 3rd period (Torn Left Knee Ligaments)
Erik Johnson is injured at 14:16 of 3rd period (Sprained Right Finger)

Finance

Level 1 -- Attendance: 10600 (100.00%) -- Ticket Income fr. 848'000
Level 2 -- Attendance: 2078 (94.45%) -- Ticket Income fr. 132'992
Level 3 -- Attendance: 3029 (81.86%) -- Ticket Income fr. 102'986
Level 4 -- Attendance: 1450 (100.00%) -- Ticket Income fr. 29'000
Luxury Box -- Attendance: 50 (100.00%) -- Ticket Income fr. 10'000
Game was played at the PNC Arena.
Total Attendance: 17207 (95.59%)
Total Ticket Income: fr. 1'122'978
Total Income: fr. 1'122'978

New Jersey Devils

5 vs 5 Forward 
   Center                   Left Wing                Right Wing               Time % Phy DF OF 
 1 Brian Boyle              Rick Nash                Blake Coleman            26     1   2  2  
 2 Miles Wood               Marcus Johansson         Jesper Bratt             26     0   2  3  
 3 Erik Haula               Anton Slepyshev          Sam Bennett              25     0   2  3  
 4 Nico Hischier            Benoit Pouliot           Erik Haula               23     0   2  3  

5 vs 5 Defense 
   Defense                  Defense                                           Time % Phy DF OF 
 1 Trevor van Riemsdyk      Ryan Pulock                                       36     1   3  1  
 2 Damon Severson           John Moore                                        32     0   2  3  
 3 Andrej Sekera            Samuel Girard                                     32     0   2  3  
 4 Damon Severson           Ryan Pulock                                       0      0   2  3  

PowerPlay Forward 
   Center                   Left Wing                Right Wing               Time % Phy DF OF 
 1 Rick Nash                Blake Coleman            Brian Boyle              68     0   0  5  
 2 Benoit Pouliot           Erik Haula               Nico Hischier            32     0   0  5  

PowerPlay Defense
   Defense                  Defense                                           Time % Phy DF OF 
 1 Ryan Pulock              Samuel Girard                                     61     0   0  5  
 2 Samuel Girard            Damon Severson                                    39     0   0  5  

Penalty Kill 4 Players Forward 
   Center                   Wing                     Time % Phy DF OF 
 1 Benoit Pouliot           Nico Hischier            60     0   5  0  
 2 Brian Boyle              Rick Nash                40     0   5  0  

Penalty Kill 4 Players Defense
   Defense                  Defense                  Time % Phy DF OF 
 1 Ryan Pulock              John Moore               60     0   5  0  
 2 Samuel Girard            Damon Severson           40     0   5  0  

Penalty Kill - 3 Players Forward 
   Forward                                           Time % Phy DF OF 
 1 Nico Hischier                                     60     0   5  0  
 2 Benoit Pouliot                                    40     0   5  0  

Penalty Kill - 3 Players Defense
   Defense                  Defense                  Time % Phy DF OF 
 1 John Moore               Ryan Pulock              60     0   5  0  
 2 Damon Severson           Andrej Sekera            40     0   5  0  

4 vs 4 Forward 
   Center                   Wing                     Time % Phy DF OF 
 1 Benoit Pouliot           Brian Boyle              50     0   2  3  
 2 Nico Hischier            Rick Nash                50     0   2  3  

4 vs 4 Defense
   Defense                  Defense                  Time % Phy DF OF 
 1 Andrej Sekera            Ryan Pulock              60     0   2  3  
 2 John Moore               Damon Severson           40     0   2  3  

Last Minutes Offensive
   Center                   Left Wing                Right Wing               Defense                  Defense                  
   Nico Hischier            Rick Nash                Blake Coleman            John Moore               Andrej Sekera            

Last Minutes Defensive
   Center                   Left Wing                Right Wing               Defense                  Defense                  
   Nico Hischier            Rick Nash                Blake Coleman            John Moore               Andrej Sekera            

Goaltenders
Starting : Keith Kinkaid            
Backup : Cory Schneider           

Extra Forwards
Normal : Benoit Pouliot, Nico Hischier, Brian Boyle - PP : Nico Hischier, Benoit Pouliot - PK : Nico Hischier
Extra Defensemen
Normal : Damon Severson, John Moore, Ryan Pulock - PP : Damon Severson - PK : Damon Severson, John Moore
Penalty Shots
Benoit Pouliot, Brian Boyle, Rick Nash, Erik Haula, Nico Hischier
Custom OT Lines Forwards
Rick Nash, Erik Haula, Blake Coleman, Benoit Pouliot, Nico Hischier, Miles Wood, Marcus Johansson, Brian Boyle, Sam Bennett, Jesper Bratt
Custom OT Lines Defensemen
Damon Severson, John Moore, Andrej Sekera, Ryan Pulock, Samuel Girard

Scratches
Joakim Nordstrom (Healthy), Joshua Ho-Sang (Healthy), Yohann Auvitu (Healthy)

Carolina Hurricanes

5 vs 5 Forward 
   Center                   Left Wing                Right Wing               Time % Phy DF OF 
 1 Eric Staal               Taylor Hall              Elias Lindholm           30     1   2  2  
 2 Jordan Staal             Sebastian Aho            Evgenii Dadonov          30     1   2  2  
 3 Nick Bonino              Jeff Skinner             Paul Byron               25     1   2  2  
 4 Casey Cizikas            Andrew Cogliano          Michael Grabner          15     1   2  2  

5 vs 5 Defense 
   Defense                  Defense                                           Time % Phy DF OF 
 1 Ryan Suter               Erik Johnson                                      34     1   2  2  
 2 Jaccob Slavin            Brett Pesce                                       33     1   2  2  
 3 Dan Hamhuis              Justin Faulk                                      33     1   2  2  
 4 Ryan Suter               Jaccob Slavin                                     0      1   2  2  

PowerPlay Forward 
   Center                   Left Wing                Right Wing               Time % Phy DF OF 
 1 Eric Staal               Taylor Hall              Evgenii Dadonov          50     1   2  2  
 2 Jordan Staal             Jeff Skinner             Elias Lindholm           50     1   2  2  

PowerPlay Defense
   Defense                  Defense                                           Time % Phy DF OF 
 1 Ryan Suter               Sebastian Aho                                     50     1   2  2  
 2 Dan Hamhuis              Justin Faulk                                      50     1   2  2  

Penalty Kill 4 Players Forward 
   Center                   Wing                     Time % Phy DF OF 
 1 Nick Bonino              Paul Byron               50     1   2  2  
 2 Casey Cizikas            Michael Grabner          50     1   2  2  

Penalty Kill 4 Players Defense
   Defense                  Defense                  Time % Phy DF OF 
 1 Ryan Suter               Erik Johnson             50     1   2  2  
 2 Jaccob Slavin            Brett Pesce              50     1   2  2  

Penalty Kill - 3 Players Forward 
   Forward                                           Time % Phy DF OF 
 1 Nick Bonino                                       50     1   2  2  
 2 Casey Cizikas                                     50     1   2  2  

Penalty Kill - 3 Players Defense
   Defense                  Defense                  Time % Phy DF OF 
 1 Ryan Suter               Erik Johnson             50     1   2  2  
 2 Jaccob Slavin            Brett Pesce              50     1   2  2  

4 vs 4 Forward 
   Center                   Wing                     Time % Phy DF OF 
 1 Jordan Staal             Taylor Hall              50     1   2  2  
 2 Eric Staal               Evgenii Dadonov          50     1   2  2  

4 vs 4 Defense
   Defense                  Defense                  Time % Phy DF OF 
 1 Ryan Suter               Erik Johnson             50     1   2  2  
 2 Jaccob Slavin            Brett Pesce              50     1   2  2  

Last Minutes Offensive
   Center                   Left Wing                Right Wing               Defense                  Defense                  
   Eric Staal               Taylor Hall              Evgenii Dadonov          Ryan Suter               Jaccob Slavin            

Last Minutes Defensive
   Center                   Left Wing                Right Wing               Defense                  Defense                  
   Jordan Staal             Nick Bonino              Michael Grabner          Ryan Suter               Erik Johnson             

Goaltenders
Starting : Cam Ward                 
Backup : Frederik Andersen        

Extra Forwards
Normal : Taylor Hall, Paul Byron, Michael Grabner - PP : Michael Grabner, Paul Byron - PK : Taylor Hall
Extra Defensemen
Normal : Jaccob Slavin, Brett Pesce, Justin Faulk - PP : Jaccob Slavin - PK : Dan Hamhuis, Ryan Suter
Penalty Shots
Taylor Hall, Eric Staal, Sebastian Aho, Evgenii Dadonov, Paul Byron
Custom OT Lines Forwards
Taylor Hall, Eric Staal, Jordan Staal, Evgenii Dadonov, Sebastian Aho, Jeff Skinner, Elias Lindholm, Paul Byron, Michael Grabner, Nick Bonino
Custom OT Lines Defensemen
Ryan Suter, Erik Johnson, Jaccob Slavin, Dan Hamhuis, Justin Faulk

Scratches
Noah Hanifin (Healthy), Anton Khudobin (Healthy)

% Time on Ice - New Jersey Devils

Lines # - Real PCT - Wanted PCT - Time Play
Normal Forward
1 - 28% - 26% - 12:53
2 - 28% - 26% - 12:49
3 - 23% - 25% - 10:48
4 - 21% - 23% - 9:37
Normal Defense
1 - 37% - 36% - 17:05
2 - 32% - 32% - 14:40
3 - 30% - 32% - 14:03
4 - 1% - 0% - 0:19
PP Forward
1 - 66% - 68% - 2:38
2 - 34% - 32% - 1:20
PP Defense
1 - 69% - 61% - 2:44
2 - 31% - 39% - 1:14
PK Forward
1 - 69% - 60% - 6:48
2 - 31% - 40% - 3:07
PK Defense
1 - 62% - 60% - 6:07
2 - 38% - 40% - 3:48
PK3 Forward
1 - 0% - 60%
2 - 0% - 40%
PK3 Defense
1 - 0% - 60%
2 - 0% - 40%
44 Forward
1 - 0% - 50%
2 - 0% - 50%
44 Defense
1 - 0% - 60%
2 - 0% - 40%
Last Minute Offensive  - 0:00
Last Minute Defensive  - 0:00
Total
Forward - 60:00
Defense - 60:00

% Time on Ice - Carolina Hurricanes

Lines # - Real PCT - Wanted PCT - Time Play
Normal Forward
1 - 29% - 30% - 13:31
2 - 31% - 30% - 14:19
3 - 23% - 25% - 10:32
4 - 17% - 15% - 7:45
Normal Defense
1 - 35% - 34% - 16:02
2 - 34% - 33% - 15:32
3 - 31% - 33% - 14:21
4 - 0% - 0% - 0:12
PP Forward
1 - 52% - 50% - 5:07
2 - 48% - 50% - 4:48
PP Defense
1 - 51% - 50% - 5:05
2 - 49% - 50% - 4:50
PK Forward
1 - 50% - 50% - 1:58
2 - 50% - 50% - 2:00
PK Defense
1 - 53% - 50% - 2:07
2 - 47% - 50% - 1:51
PK3 Forward
1 - 0% - 50%
2 - 0% - 50%
PK3 Defense
1 - 0% - 50%
2 - 0% - 50%
44 Forward
1 - 0% - 50%
2 - 0% - 50%
44 Defense
1 - 0% - 50%
2 - 0% - 50%
Last Minute Offensive  - 0:00
Last Minute Defensive  - 0:00
Total
Forward - 60:00
Defense - 60:00

Play-by-Play

1st period


0:01 of 1st period - Brian Boyle wins face-off versus Eric Staal in neutral zone.
0:08 of 1st period - Snap shot by Blake Coleman.
0:08 of 1st period - Shot Misses the Net.
0:10 of 1st period - Snap shot by Rick Nash.
0:10 of 1st period - Goal by Rick Nash - New Jersey Devils : 1 - Carolina Hurricanes : 0.
0:11 of 1st period - Miles Wood wins face-off versus Jordan Staal in neutral zone.
0:59 of 1st period - Michael Grabner is hit by Blake Coleman and loses puck.
1:06 of 1st period - Snap shot by Rick Nash.
1:06 of 1st period - Shot Misses the Net.
1:56 of 1st period - Snap shot by Erik Haula.
1:56 of 1st period - Stopped by Cam Ward without a rebound.
1:57 of 1st period - Jordan Staal wins face-off versus Miles Wood in Carolina Hurricanes zone.
2:12 of 1st period - Slapshot by Evgenii Dadonov.
2:12 of 1st period - Stopped by Keith Kinkaid without a rebound.
2:13 of 1st period - Eric Staal wins face-off versus Brian Boyle in New Jersey Devils zone.
2:19 of 1st period - Minor Penalty to Brian Boyle for Tripping.
2:20 of 1st period - Eric Staal wins face-off versus Benoit Pouliot in New Jersey Devils zone.
2:28 of 1st period - Slapshot by Eric Staal.
2:28 of 1st period - Stopped by Keith Kinkaid with a rebound.
2:44 of 1st period - John Moore is hit by Elias Lindholm.
2:56 of 1st period - Snap shot by Jordan Staal.
2:56 of 1st period - Stopped by Keith Kinkaid without a rebound.
2:57 of 1st period - Eric Staal wins face-off versus Benoit Pouliot in New Jersey Devils zone.
3:00 of 1st period - Snap shot by Eric Staal.
3:00 of 1st period - Deflect By Evgenii Dadonov.
3:00 of 1st period - Stopped by Keith Kinkaid without a rebound.
3:01 of 1st period - Eric Staal wins face-off versus Benoit Pouliot in New Jersey Devils zone.
3:50 of 1st period - Rick Nash is hit by Eric Staal and loses puck.
4:19 of 1st period - Penalty to Brian Boyle is over, Brian Boyle is back on ice.
4:23 of 1st period - Erik Haula is hit by Casey Cizikas and loses puck.
4:28 of 1st period - Slapshot by Andrew Cogliano.
4:28 of 1st period - Deflect By Casey Cizikas.
4:28 of 1st period - Shot Misses the Net.
4:28 of 1st period - Puck is out of play.
4:29 of 1st period - Casey Cizikas wins face-off versus Miles Wood in New Jersey Devils zone.
4:30 of 1st period - Backhand shot by Andrew Cogliano.
4:30 of 1st period - Stopped by Keith Kinkaid with a rebound.
4:32 of 1st period - Slapshot by Michael Grabner.
4:32 of 1st period - Stopped by Keith Kinkaid with a rebound.
4:34 of 1st period - Snap shot by Andrew Cogliano.
4:34 of 1st period - Shot Blocked by Samuel Girard.
5:13 of 1st period - Minor Penalty to Marcus Johansson for Holding.
5:14 of 1st period - Jordan Staal wins face-off versus Benoit Pouliot in New Jersey Devils zone.
5:46 of 1st period - Snap shot by Rick Nash.
5:46 of 1st period - Shot Misses the Net.
6:22 of 1st period - Eric Staal is hit by Anton Slepyshev and loses puck.
7:13 of 1st period - Penalty to Marcus Johansson is over, Marcus Johansson is back on ice.
7:24 of 1st period - Snap shot by Erik Haula.
7:24 of 1st period - Stopped by Cam Ward with a rebound.
7:26 of 1st period - Snap shot by Trevor van Riemsdyk.
7:26 of 1st period - Shot Misses the Net.
7:28 of 1st period - Wrist shot by Marcus Johansson.
7:28 of 1st period - Shot Blocked by Justin Faulk.
7:30 of 1st period - Slapshot by Marcus Johansson.
7:30 of 1st period - Shot Misses the Net.
8:29 of 1st period - Icing by Trevor van Riemsdyk.
8:30 of 1st period - Erik Haula wins face-off versus Jordan Staal in New Jersey Devils zone.
8:45 of 1st period - Wrist shot by Erik Haula.
8:45 of 1st period - Goal by Erik Haula - New Jersey Devils : 2 - Carolina Hurricanes : 0.
8:46 of 1st period - Eric Staal wins face-off versus Rick Nash in neutral zone.
8:59 of 1st period - Wrist shot by Eric Staal.
8:59 of 1st period - Deflect By Elias Lindholm.
8:59 of 1st period - Shot Blocked by Brian Boyle.
8:59 of 1st period - Puck is out of play.
9:00 of 1st period - Brian Boyle wins face-off versus Jordan Staal in New Jersey Devils zone.
9:00 of 1st period - Rick Nash is hit by Jordan Staal and loses puck.
9:11 of 1st period - Backhand shot by Jordan Staal.
9:11 of 1st period - Shot Blocked by Damon Severson.
9:25 of 1st period - Taylor Hall is hit by Miles Wood and loses puck.
9:54 of 1st period - Minor Penalty to Michael Grabner for Tripping.
9:55 of 1st period - Nick Bonino wins face-off versus Blake Coleman in Carolina Hurricanes zone.
10:04 of 1st period - Snap shot by Rick Nash.
10:04 of 1st period - Shot Misses the Net.
10:06 of 1st period - Wrist shot by Samuel Girard.
10:06 of 1st period - Stopped by Cam Ward without a rebound.
10:07 of 1st period - Rick Nash wins face-off versus Casey Cizikas in Carolina Hurricanes zone.
10:20 of 1st period - Snap shot by Ryan Pulock.
10:20 of 1st period - Stopped by Cam Ward without a rebound.
10:21 of 1st period - Nick Bonino wins face-off versus Rick Nash in Carolina Hurricanes zone.
10:32 of 1st period - Snap shot by Brian Boyle.
10:32 of 1st period - Stopped by Cam Ward without a rebound.
10:33 of 1st period - Casey Cizikas wins face-off versus Rick Nash in Carolina Hurricanes zone.
11:23 of 1st period - Snap shot by Rick Nash.
11:23 of 1st period - Stopped by Cam Ward with a rebound.
11:25 of 1st period - Snap shot by Rick Nash.
11:25 of 1st period - Stopped by Cam Ward without a rebound.
11:26 of 1st period - Casey Cizikas wins face-off versus Benoit Pouliot in Carolina Hurricanes zone.
11:37 of 1st period - Paul Byron is hit by Benoit Pouliot.
11:54 of 1st period - Penalty to Michael Grabner is over, Michael Grabner is back on ice.
12:44 of 1st period - Minor Penalty to Sam Bennett for Interference.
12:45 of 1st period - Jordan Staal wins face-off versus Benoit Pouliot in New Jersey Devils zone.
13:43 of 1st period - Ryan Suter is hit by Nico Hischier and loses puck.
14:44 of 1st period - Penalty to Sam Bennett is over, Sam Bennett is back on ice.
15:11 of 1st period - Wrist shot by Casey Cizikas.
15:11 of 1st period - Shot Blocked by Erik Haula.
15:43 of 1st period - Icing by Trevor van Riemsdyk.
15:44 of 1st period - Nico Hischier wins face-off versus Eric Staal in New Jersey Devils zone.
16:47 of 1st period - Ryan Suter is hit by Jesper Bratt and loses puck.
16:53 of 1st period - Icing by Ryan Suter.
16:54 of 1st period - Sam Bennett wins face-off versus Eric Staal in Carolina Hurricanes zone.
17:40 of 1st period - Icing by Jordan Staal.
17:41 of 1st period - Nico Hischier wins face-off versus Nick Bonino in Carolina Hurricanes zone.
17:42 of 1st period - Snap shot by Erik Haula.
17:42 of 1st period - Shot Blocked by Dan Hamhuis.
18:04 of 1st period - Marcus Johansson is hit by Justin Faulk and loses puck.
18:11 of 1st period - Slapshot by Taylor Hall.
18:11 of 1st period - Stopped by Keith Kinkaid with a rebound.
18:41 of 1st period - Minor Penalty to Rick Nash for Slashing.
18:42 of 1st period - Benoit Pouliot wins face-off versus Jordan Staal in New Jersey Devils zone.
18:49 of 1st period - Snap shot by Elias Lindholm.
18:49 of 1st period - Deflect By John Moore.
18:49 of 1st period - Shot Misses the Net.
18:49 of 1st period - Puck is out of play.
18:50 of 1st period - Jordan Staal wins face-off versus Benoit Pouliot in New Jersey Devils zone.
19:15 of 1st period - Ryan Pulock is hit by Taylor Hall and loses puck.
19:24 of 1st period - Wrist shot by Taylor Hall.
19:24 of 1st period - Shot Misses the Net.
19:40 of 1st period - Justin Faulk is hit by Benoit Pouliot and loses puck.
Goals for this period are 2 for New Jersey Devils vs 0 for Carolina Hurricanes.
Shots for this period are 9 for New Jersey Devils vs 7 for Carolina Hurricanes.

2nd period


0:01 of 2nd period - Eric Staal wins face-off versus Benoit Pouliot in neutral zone.
0:04 of 2nd period - Snap shot by Evgenii Dadonov.
0:04 of 2nd period - Shot Blocked by Ryan Pulock.
0:30 of 2nd period - Slapshot by Sebastian Aho.
0:30 of 2nd period - Stopped by Keith Kinkaid with a rebound.
0:32 of 2nd period - Wrist shot by Ryan Suter.
0:32 of 2nd period - Deflect By Jordan Staal.
0:32 of 2nd period - Shot Misses the Net.
0:32 of 2nd period - Puck is out of play.
0:33 of 2nd period - Brian Boyle wins face-off versus Elias Lindholm in New Jersey Devils zone.
0:41 of 2nd period - Penalty to Rick Nash is over, Rick Nash is back on ice.
0:44 of 2nd period - Snap shot by Elias Lindholm.
0:44 of 2nd period - Shot Blocked by Samuel Girard.
0:46 of 2nd period - Slapshot by Justin Faulk.
0:46 of 2nd period - Deflect By Elias Lindholm.
0:46 of 2nd period - Shot Blocked by Nico Hischier.
0:46 of 2nd period - Puck is out of play.
0:47 of 2nd period - Eric Staal wins face-off versus Erik Haula in New Jersey Devils zone.
0:50 of 2nd period - Wrist shot by Taylor Hall.
0:50 of 2nd period - Stopped by Keith Kinkaid with a rebound.
0:52 of 2nd period - Backhand shot by Justin Faulk.
0:52 of 2nd period - Stopped by Keith Kinkaid with a rebound.
0:54 of 2nd period - Snap shot by Taylor Hall.
0:54 of 2nd period - Stopped by Keith Kinkaid with a rebound.
1:20 of 2nd period - Wrist shot by Marcus Johansson.
1:20 of 2nd period - Stopped by Cam Ward with a rebound.
1:32 of 2nd period - Wrist shot by Brian Boyle.
1:32 of 2nd period - Goal by Brian Boyle - New Jersey Devils : 3 - Carolina Hurricanes : 0.
1:33 of 2nd period - Sam Bennett wins face-off versus Eric Staal in neutral zone.
1:38 of 2nd period - Anton Slepyshev is hit by Eric Staal and loses puck.
1:57 of 2nd period - Miles Wood is hit by Sebastian Aho.
2:03 of 2nd period - Slapshot by Jesper Bratt.
2:03 of 2nd period - Stopped by Cam Ward without a rebound.
2:04 of 2nd period - Benoit Pouliot wins face-off versus Jordan Staal in Carolina Hurricanes zone.
2:07 of 2nd period - Snap shot by Erik Haula.
2:07 of 2nd period - Goal by Erik Haula - New Jersey Devils : 4 - Carolina Hurricanes : 0.
2:07 of 2nd period - Frederik Andersen enters game.
2:08 of 2nd period - Eric Staal wins face-off versus Erik Haula in neutral zone.
2:58 of 2nd period - Wrist shot by Jesper Bratt.
2:58 of 2nd period - Stopped by Frederik Andersen with a rebound.
3:00 of 2nd period - Wrist shot by Miles Wood.
3:00 of 2nd period - Stopped by Frederik Andersen with a rebound.
3:02 of 2nd period - Slapshot by Samuel Girard.
3:02 of 2nd period - Deflect By Miles Wood.
3:02 of 2nd period - Goal by Miles Wood - New Jersey Devils : 5 - Carolina Hurricanes : 0.
3:03 of 2nd period - Eric Staal wins face-off versus Nico Hischier in neutral zone.
3:35 of 2nd period - Snap shot by Jesper Bratt.
3:35 of 2nd period - Stopped by Frederik Andersen without a rebound.
3:36 of 2nd period - Erik Haula wins face-off versus Paul Byron in Carolina Hurricanes zone.
3:43 of 2nd period - Slapshot by Anton Slepyshev.
3:43 of 2nd period - Shot Blocked by Jaccob Slavin.
3:45 of 2nd period - Wrist shot by Anton Slepyshev.
3:45 of 2nd period - Shot Blocked by Brett Pesce.
3:58 of 2nd period - Icing by Brett Pesce.
3:59 of 2nd period - Jordan Staal wins face-off versus Brian Boyle in Carolina Hurricanes zone.
4:14 of 2nd period - Wrist shot by Evgenii Dadonov.
4:14 of 2nd period - Shot Blocked by John Moore.
5:40 of 2nd period - Dan Hamhuis is hit by Miles Wood and loses puck.
6:13 of 2nd period - Wrist shot by Benoit Pouliot.
6:13 of 2nd period - Stopped by Frederik Andersen with a rebound.
6:30 of 2nd period - John Moore is hit by Andrew Cogliano and loses puck.
6:59 of 2nd period - John Moore is hit by Erik Johnson and loses puck.
7:06 of 2nd period - Erik Johnson is hit by Damon Severson and loses puck.
7:18 of 2nd period - Ryan Suter is hit by Sam Bennett.
7:29 of 2nd period - Ryan Pulock is hit by Paul Byron and loses puck.
7:36 of 2nd period - Slapshot by Nick Bonino.
7:36 of 2nd period - Shot Hit the Post.
7:47 of 2nd period - Ryan Pulock is hit by Justin Faulk and loses puck.
7:52 of 2nd period - Snap shot by Jeff Skinner.
7:52 of 2nd period - Stopped by Keith Kinkaid without a rebound.
7:53 of 2nd period - Brian Boyle wins face-off versus Sebastian Aho in New Jersey Devils zone.
8:00 of 2nd period - Snap shot by Samuel Girard.
8:00 of 2nd period - Stopped by Frederik Andersen with a rebound.
8:30 of 2nd period - Elias Lindholm is hit by Miles Wood and loses puck.
8:53 of 2nd period - Casey Cizikas is hit by Nico Hischier and loses puck.
10:48 of 2nd period - Trevor van Riemsdyk is hit by Justin Faulk and loses puck.
11:47 of 2nd period - Taylor Hall is hit by Miles Wood and loses puck.
12:31 of 2nd period - Anton Slepyshev is hit by Casey Cizikas and loses puck.
12:42 of 2nd period - Trevor van Riemsdyk is hit by Taylor Hall and loses puck.
13:45 of 2nd period - Damon Severson is hit by Brett Pesce and loses puck.
14:09 of 2nd period - Trevor van Riemsdyk is hit by Casey Cizikas and loses puck.
14:52 of 2nd period - Rick Nash is hit by Paul Byron and loses puck.
15:31 of 2nd period - Wrist shot by Evgenii Dadonov.
15:31 of 2nd period - Shot Blocked by John Moore.
15:54 of 2nd period - Icing by Jaccob Slavin.
15:55 of 2nd period - Jordan Staal wins face-off versus Erik Haula in Carolina Hurricanes zone.
15:55 of 2nd period - Jordan Staal is hit by Ryan Pulock.
16:03 of 2nd period - Wrist shot by Evgenii Dadonov.
16:03 of 2nd period - Deflect By Sebastian Aho.
16:03 of 2nd period - Shot Blocked by Rick Nash.
16:03 of 2nd period - Puck is out of play.
16:04 of 2nd period - Brian Boyle wins face-off versus Eric Staal in New Jersey Devils zone.
16:21 of 2nd period - Slapshot by Sam Bennett.
16:21 of 2nd period - Shot Misses the Net.
16:23 of 2nd period - Backhand shot by Sam Bennett.
16:23 of 2nd period - Shot Blocked by Eric Staal.
16:33 of 2nd period - Eric Staal is hit by Jesper Bratt.
16:37 of 2nd period - Wrist shot by Marcus Johansson.
16:37 of 2nd period - Shot Misses the Net.
16:53 of 2nd period - Dan Hamhuis is hit by Blake Coleman and loses puck.
16:58 of 2nd period - Snap shot by Blake Coleman.
16:58 of 2nd period - Deflect By Rick Nash.
16:58 of 2nd period - Stopped by Frederik Andersen without a rebound.
16:59 of 2nd period - Brian Boyle wins face-off versus Jordan Staal in Carolina Hurricanes zone.
17:00 of 2nd period - Slapshot by Rick Nash.
17:00 of 2nd period - Stopped by Frederik Andersen without a rebound.
17:01 of 2nd period - Jordan Staal wins face-off versus Nico Hischier in Carolina Hurricanes zone.
17:07 of 2nd period - Snap shot by Brett Pesce.
17:07 of 2nd period - Shot Misses the Net.
17:09 of 2nd period - Snap shot by Evgenii Dadonov.
17:09 of 2nd period - Stopped by Keith Kinkaid with a rebound.
17:11 of 2nd period - Slapshot by Brett Pesce.
17:11 of 2nd period - Stopped by Keith Kinkaid without a rebound.
17:12 of 2nd period - Nico Hischier wins face-off versus Jordan Staal in New Jersey Devils zone.
17:12 of 2nd period - Nico Hischier is hit by Ryan Suter.
17:20 of 2nd period - Slapshot by Trevor van Riemsdyk.
17:20 of 2nd period - Stopped by Frederik Andersen with a rebound.
18:49 of 2nd period - Snap shot by Jordan Staal.
18:49 of 2nd period - Stopped by Keith Kinkaid with a rebound.
18:55 of 2nd period - Wrist shot by Sebastian Aho.
18:55 of 2nd period - Shot Misses the Net.
19:05 of 2nd period - Snap shot by Blake Coleman.
19:05 of 2nd period - Stopped by Frederik Andersen without a rebound.
19:06 of 2nd period - Jeff Skinner wins face-off versus Miles Wood in Carolina Hurricanes zone.
19:13 of 2nd period - Wrist shot by Nick Bonino.
19:13 of 2nd period - Stopped by Keith Kinkaid without a rebound.
19:14 of 2nd period - Nico Hischier wins face-off versus Jordan Staal in New Jersey Devils zone.
19:49 of 2nd period - Wrist shot by Rick Nash.
19:49 of 2nd period - Deflect By Brian Boyle.
19:49 of 2nd period - Shot Blocked by Brett Pesce.
19:49 of 2nd period - Puck is out of play.
19:50 of 2nd period - Erik Haula wins face-off versus Jordan Staal in Carolina Hurricanes zone.
Goals for this period are 3 for New Jersey Devils vs 0 for Carolina Hurricanes.
Shots for this period are 14 for New Jersey Devils vs 9 for Carolina Hurricanes.

3rd period


0:01 of 3rd period - Nick Bonino wins face-off versus Nico Hischier in neutral zone.
0:06 of 3rd period - Slapshot by Jeff Skinner.
0:06 of 3rd period - Shot Misses the Net.
0:08 of 3rd period - Wrist shot by Nick Bonino.
0:08 of 3rd period - Stopped by Keith Kinkaid without a rebound.
0:09 of 3rd period - Nico Hischier wins face-off versus Nick Bonino in New Jersey Devils zone.
0:09 of 3rd period - Nico Hischier is hit by Nick Bonino.
0:27 of 3rd period - Nico Hischier is hit by Paul Byron and loses puck.
0:36 of 3rd period - Snap shot by Jeff Skinner.
0:36 of 3rd period - Shot Blocked by Erik Haula.
0:38 of 3rd period - Slapshot by Nick Bonino.
0:38 of 3rd period - Shot Misses the Net.
0:40 of 3rd period - Slapshot by Dan Hamhuis.
0:40 of 3rd period - Stopped by Keith Kinkaid with a rebound.
0:42 of 3rd period - Slapshot by Dan Hamhuis.
0:42 of 3rd period - Stopped by Keith Kinkaid without a rebound.
0:43 of 3rd period - Marcus Johansson wins face-off versus Eric Staal in New Jersey Devils zone.
0:43 of 3rd period - Miles Wood is hit by Elias Lindholm.
1:08 of 3rd period - Minor Penalty to Miles Wood for High sticking.
1:09 of 3rd period - Eric Staal wins face-off versus Benoit Pouliot in New Jersey Devils zone.
1:34 of 3rd period - Snap shot by Elias Lindholm.
1:34 of 3rd period - Stopped by Keith Kinkaid with a rebound.
1:36 of 3rd period - Wrist shot by Ryan Suter.
1:36 of 3rd period - Stopped by Keith Kinkaid with a rebound.
1:38 of 3rd period - Wrist shot by Jeff Skinner.
1:38 of 3rd period - Shot Misses the Net.
1:40 of 3rd period - Snap shot by Jeff Skinner.
1:40 of 3rd period - Shot Misses the Net.
1:42 of 3rd period - Slapshot by Ryan Suter.
1:42 of 3rd period - Stopped by Keith Kinkaid without a rebound.
1:43 of 3rd period - Benoit Pouliot wins face-off versus Eric Staal in New Jersey Devils zone.
2:04 of 3rd period - Benoit Pouliot is hit by Taylor Hall and loses puck.
3:01 of 3rd period - Evgenii Dadonov is hit by Damon Severson and loses puck.
3:08 of 3rd period - Penalty to Miles Wood is over, Miles Wood is back on ice.
3:14 of 3rd period - Marcus Johansson is hit by Michael Grabner and loses puck.
3:41 of 3rd period - Snap shot by Nick Bonino.
3:41 of 3rd period - Goal by Nick Bonino - New Jersey Devils : 5 - Carolina Hurricanes : 1.
3:42 of 3rd period - Erik Haula wins face-off versus Nick Bonino in neutral zone.
3:42 of 3rd period - Ryan Pulock is hit by Jeff Skinner and loses puck.
4:09 of 3rd period - Sebastian Aho is hit by Brian Boyle and loses puck.
4:48 of 3rd period - Snap shot by Trevor van Riemsdyk.
4:48 of 3rd period - Shot Misses the Net.
5:08 of 3rd period - Slapshot by John Moore.
5:08 of 3rd period - Shot Misses the Net.
5:30 of 3rd period - Snap shot by Jordan Staal.
5:30 of 3rd period - Shot Blocked by Miles Wood.
5:42 of 3rd period - Wrist shot by Eric Staal.
5:42 of 3rd period - Shot Misses the Net.
5:50 of 3rd period - Snap shot by Eric Staal.
5:50 of 3rd period - Stopped by Keith Kinkaid without a rebound.
5:51 of 3rd period - Jordan Staal wins face-off versus Brian Boyle in New Jersey Devils zone.
6:00 of 3rd period - Snap shot by Rick Nash.
6:00 of 3rd period - Stopped by Frederik Andersen with a rebound.
7:03 of 3rd period - Snap shot by Eric Staal.
7:03 of 3rd period - Shot Misses the Net.
7:05 of 3rd period - Wrist shot by Elias Lindholm.
7:05 of 3rd period - Shot Misses the Net.
7:07 of 3rd period - Slapshot by Justin Faulk.
7:07 of 3rd period - Shot Blocked by Blake Coleman.
7:09 of 3rd period - Snap shot by Taylor Hall.
7:09 of 3rd period - Stopped by Keith Kinkaid without a rebound.
7:10 of 3rd period - Eric Staal wins face-off versus Erik Haula in New Jersey Devils zone.
7:10 of 3rd period - Eric Staal is hit by John Moore.
7:17 of 3rd period - Icing by Sam Bennett.
7:18 of 3rd period - Erik Haula wins face-off versus Jordan Staal in New Jersey Devils zone.
8:13 of 3rd period - Slapshot by Brett Pesce.
8:13 of 3rd period - Shot Blocked by Damon Severson.
8:15 of 3rd period - Snap shot by Nick Bonino.
8:15 of 3rd period - Stopped by Keith Kinkaid without a rebound.
8:16 of 3rd period - Jordan Staal wins face-off versus Miles Wood in New Jersey Devils zone.
8:17 of 3rd period - Snap shot by Sebastian Aho.
8:17 of 3rd period - Shot Misses the Net.
9:09 of 3rd period - Nico Hischier is hit by Nick Bonino and loses puck.
9:26 of 3rd period - Wrist shot by Rick Nash.
9:26 of 3rd period - Stopped by Frederik Andersen without a rebound.
9:27 of 3rd period - Eric Staal wins face-off versus Miles Wood in Carolina Hurricanes zone.
10:01 of 3rd period - Snap shot by Jordan Staal.
10:01 of 3rd period - Shot Misses the Net.
10:25 of 3rd period - Brett Pesce is hit by Jesper Bratt and loses puck.
10:26 of 3rd period - Brett Pesce from Carolina Hurricanes is injured at 10:26 of 3rd period (Torn Left Knee Ligaments).
10:27 of 3rd period - Nico Hischier wins face-off versus Eric Staal in Carolina Hurricanes zone.
10:52 of 3rd period - Dan Hamhuis is hit by Miles Wood and loses puck.
11:43 of 3rd period - Slapshot by Damon Severson.
11:43 of 3rd period - Stopped by Frederik Andersen without a rebound.
11:44 of 3rd period - Erik Haula wins face-off versus Eric Staal in Carolina Hurricanes zone.
11:49 of 3rd period - Slapshot by Erik Haula.
11:49 of 3rd period - Shot Misses the Net.
11:51 of 3rd period - Snap shot by Sam Bennett.
11:51 of 3rd period - Shot Blocked by Erik Johnson.
11:53 of 3rd period - Slapshot by Andrej Sekera.
11:53 of 3rd period - Shot Blocked by Eric Staal.
11:55 of 3rd period - Wrist shot by Sam Bennett.
11:55 of 3rd period - Stopped by Frederik Andersen without a rebound.
11:56 of 3rd period - Jordan Staal wins face-off versus Miles Wood in Carolina Hurricanes zone.
12:03 of 3rd period - Snap shot by Jordan Staal.
12:03 of 3rd period - Deflect By Evgenii Dadonov.
12:03 of 3rd period - Stopped by Keith Kinkaid without a rebound.
12:04 of 3rd period - Miles Wood wins face-off versus Jordan Staal in New Jersey Devils zone.
12:04 of 3rd period - Jesper Bratt is hit by Evgenii Dadonov and loses puck.
12:09 of 3rd period - Wrist shot by Evgenii Dadonov.
12:09 of 3rd period - Stopped by Keith Kinkaid with a rebound.
12:28 of 3rd period - Off-side.
12:29 of 3rd period - Eric Staal wins face-off versus Nico Hischier in neutral zone.
12:40 of 3rd period - Snap shot by Taylor Hall.
12:40 of 3rd period - Stopped by Keith Kinkaid without a rebound.
12:41 of 3rd period - Erik Haula wins face-off versus Eric Staal in New Jersey Devils zone.
13:10 of 3rd period - Icing by Andrej Sekera.
13:11 of 3rd period - Jordan Staal wins face-off versus Brian Boyle in New Jersey Devils zone.
13:12 of 3rd period - Snap shot by Evgenii Dadonov.
13:12 of 3rd period - Stopped by Keith Kinkaid without a rebound.
13:13 of 3rd period - Nico Hischier wins face-off versus Evgenii Dadonov in New Jersey Devils zone.
13:13 of 3rd period - Nico Hischier is hit by Jordan Staal.
13:19 of 3rd period - Wrist shot by Erik Haula.
13:19 of 3rd period - Stopped by Frederik Andersen without a rebound.
13:20 of 3rd period - Nico Hischier wins face-off versus Eric Staal in Carolina Hurricanes zone.
13:23 of 3rd period - Snap shot by Erik Haula.
13:23 of 3rd period - Stopped by Frederik Andersen with a rebound.
14:14 of 3rd period - Slapshot by Ryan Pulock.
14:14 of 3rd period - Shot Blocked by Michael Grabner.
14:16 of 3rd period - Wrist shot by Ryan Pulock.
14:16 of 3rd period - Shot Blocked by Erik Johnson.
14:16 of 3rd period - Erik Johnson from Carolina Hurricanes is injured at 14:16 of 3rd period (Sprained Right Finger).
14:17 of 3rd period - Erik Haula wins face-off versus Eric Staal in Carolina Hurricanes zone.
14:26 of 3rd period - Snap shot by Erik Haula.
14:26 of 3rd period - Shot Blocked by Dan Hamhuis.
14:28 of 3rd period - Snap shot by Sam Bennett.
14:28 of 3rd period - Stopped by Frederik Andersen without a rebound.
14:29 of 3rd period - Erik Haula wins face-off versus Sebastian Aho in Carolina Hurricanes zone.
14:34 of 3rd period - Snap shot by Erik Haula.
14:34 of 3rd period - Stopped by Frederik Andersen with a rebound.
14:54 of 3rd period - Elias Lindholm is hit by Brian Boyle and loses puck.
14:59 of 3rd period - Snap shot by Rick Nash.
14:59 of 3rd period - Stopped by Frederik Andersen with a rebound.
15:03 of 3rd period - Backhand shot by Rick Nash.
15:03 of 3rd period - Goal by Rick Nash - New Jersey Devils : 6 - Carolina Hurricanes : 1.
15:04 of 3rd period - Jordan Staal wins face-off versus Erik Haula in neutral zone.
15:11 of 3rd period - Snap shot by Evgenii Dadonov.
15:11 of 3rd period - Shot Misses the Net.
15:13 of 3rd period - Snap shot by Sebastian Aho.
15:13 of 3rd period - Deflect By Nico Hischier.
15:13 of 3rd period - Shot Misses the Net.
15:13 of 3rd period - Puck is out of play.
15:14 of 3rd period - Nico Hischier wins face-off versus Jordan Staal in New Jersey Devils zone.
15:44 of 3rd period - Icing by Justin Faulk.
15:45 of 3rd period - Brian Boyle wins face-off versus Jordan Staal in Carolina Hurricanes zone.
16:01 of 3rd period - Off-side.
16:02 of 3rd period - Erik Haula wins face-off versus Eric Staal in neutral zone.
16:05 of 3rd period - Wrist shot by Sam Bennett.
16:05 of 3rd period - Stopped by Frederik Andersen without a rebound.
16:06 of 3rd period - Elias Lindholm wins face-off versus Erik Haula in Carolina Hurricanes zone.
16:12 of 3rd period - Minor Penalty to Ryan Suter for Hooking.
16:13 of 3rd period - Nick Bonino wins face-off versus Rick Nash in Carolina Hurricanes zone.
17:01 of 3rd period - Snap shot by Casey Cizikas.
17:01 of 3rd period - Shot Misses the Net.
18:12 of 3rd period - Penalty to Ryan Suter is over, Ryan Suter is back on ice.
18:19 of 3rd period - Damon Severson is hit by Sebastian Aho and loses puck.
18:38 of 3rd period - Damon Severson is hit by Taylor Hall and loses puck.
Goals for this period are 1 for New Jersey Devils vs 1 for Carolina Hurricanes.
Shots for this period are 11 for New Jersey Devils vs 14 for Carolina Hurricanes.